 Dungeon Sprint DCSS version 0.32-a0-42-ga30500b4d3 (webtiles) character file.

Game seed: 2988928538504255038

7 rocky1 the Apothecary (level 2, -4/25 HPs)
             Began as a Naga Alchemist on Jan 29, 2024.
             Was a Believer of Cheibriados.
             Slain by a river rat (5 damage)
             ... in the Dungeon (Sprint VII: "The Pits").
             The game lasted 00:01:04 (109 turns).

rocky1 the Apothecary (Naga Alchemist)               Turns: 109, Time: 00:01:04

Health: -4/25      AC:  1    Str: 15    XL:     2   Next: 4%
Magic:  5/5        EV: 10    Int: 20    God:    Cheibriados [**....]
Gold:   0          SH:  0    Dex: 16    Spells: 4/5 levels left

rFire   . . .        l - +2 trident
rCold   . . .        (no shield)
rNeg    . . .        a - +0 robe
rPois   +            (no helmet)
rElec   .            (no cloak)
rCorr   .            (no gloves)
SInv    +            (no barding)
Will    .....        (no amulet)
Stlth   ++           (no ring)
HPRegen 0.24/turn    (no ring)
MPRegen 0.09/turn

%: no teleportation
@: very slow
A: AC +0, large, see invisible, deformed body, poison resistance, slowness 2,
spit poison 1, naga tail 1
a: Spit Poison, Renounce Religion, Bend Time


You were in the Dungeon.
You worshipped Cheibriados.
Cheibriados was pleased with you.
You visited 1 branch

Inventory:

Hand Weapons
 l - a +2 trident (weapon)
Armour
 a - a +0 robe (worn)
Scrolls
 g - a scroll of blinking
 i - 2 scrolls of vulnerability
 j - 5 scrolls of amnesia
 k - a scroll of summoning
Potions
 b - 5 potions of magic
 c - a potion of curing
 d - a potion of heal wounds
 e - a potion of haste
 f - 3 potions of berserk rage
 h - 2 potions of invisibility


   Skills:
 + Level 1.0 Fighting
 + Level 1.0 Polearms
 - Level 1.5 Dodging
 + Level 3.0 Stealth
 + Level 2.3 Spellcasting
 + Level 1.6 Conjurations
 + Level 4.5 Alchemy
 + Level 1.1 Invocations


You had 4 spell levels left.
You knew the following spells:

 Your Spells              Type           Power      Damage    Failure   Level
a - Sting                 Conj/Alch      56%        1d6       4%          1

Your spell library contained the following spells:

 Spells                   Type           Power      Damage    Failure   Level
 Mercury Vapours          Alch/Air       22%        N/A       9%          2
 Mephitic Cloud           Conj/Alch/Air  10%        N/A       21%         3
 Olgreb's Toxic Radiance  Alch           20%        N/A       24%         4
 Sticky Flame             Fire/Alch      11%        2d5       52%         4


Dungeon Overview and Level Annotations

Branches:
Dungeon (1/1)

Altars:
Ashenzari
Cheibriados
Dithmenos
Elyvilon
Fedhas
Gozag
Hepliaklqana
Kikubaaqudgha
Makhleb
Nemelex Xobeh
Okawaru
Qazlal
Ru
Sif Muna
Trog
Uskayaw
Vehumet
Wu Jian
Xom
Yredelemnul
Zin
The Shining One
Jiyva
Lugonu


Innate Abilities, Weirdness & Mutations

Your serpentine skin is tough. (AC +0)
You have supernaturally acute eyesight. (SInv)
Armour fits poorly on your strangely shaped body.
Your system is resistant to poisons. (rPois)
You cover ground very slowly.
You can spit poison.
You have a snake-like lower body.


Message History

The helpless jackal fails to defend itself.
You puncture the jackal!
You kill the jackal!
Cheibriados appreciates the change of pace.
There is an open door here.
You reach to attack!
The helpless jackal fails to defend itself.
You puncture the jackal!
You kill the jackal!
Cheibriados appreciates the change of pace.
Cheibriados raises the support of your attributes as your movement slows.
Your Fighting skill increases to level 1!
Your Polearms skill increases to level 1!
Your Invocations skill increases to level 1!
You reach to attack!
The helpless giant cockroach fails to defend itself.
You puncture the giant cockroach!
You kill the giant cockroach!
Cheibriados thoroughly appreciates the change of pace.
Cheibriados raises the support of your attributes as your movement slows. x2
You have reached level 2!
You see here a giant cockroach corpse.
You open the large door.
A frilled lizard comes into view.
A scorpion, a rat and a river rat come into view.
The river rat squeaks loudly.
The rat squeaks loudly.
There is a large open door here.
Okay, then.
The rat attacks as it pursues you! The rat bites you.
You see here a giant cockroach corpse.
You closely miss the river rat. The river rat bites you.
The river rat attacks as it pursues you!
The river rat bites you. The rat attacks as it pursues you!
The rat bites you but does no damage. The river rat bites you.
The rat bites you.
The river rat attacks as it pursues you!
The river rat bites you!
* * * LOW HITPOINT WARNING * * *
The river rat bites you.
You die...

#..(.')))'.##......#..#.
##########.##...........
#...........'...........
#+#####†#####......#..#.
#ls#...'.##...........
#..#...#.#####'#####++
#..#####.##.......#
#..'..r#.##.......#
#..'†.r@.##.......#
#..########...<...# #..
#.......# #.. #.......#
### #.......# #########


You could see a river rat and a rat.

Vanquished Creatures
  An endoplasm (D)
  A giant cockroach (D)
  A hobgoblin (D)
  2 jackals (D)
  A rat (D)
6 creatures vanquished.

Notes
Turn   | Place    | Note
-------+----------+-------------------------------------------
     0 | D        | rocky1 the Naga Alchemist began the quest for the Orb.
     0 | D        | Reached XP level 1. HP: 15/15 MP: 3/3
    18 | D        | Reached skill level 4 in Alchemy
    21 | D        | Found a bloodstained altar of Trog.
    21 | D        | Found a shimmering blue altar of Sif Muna.
    21 | D        | Found a viscous altar of Jiyva.
    21 | D        | Found a hazy altar of Hepliaklqana.
    21 | D        | Found an opulent altar of Gozag.
    22 | D        | Found a glowing golden altar of the Shining One.
    22 | D        | Found a glowing silver altar of Zin.
    22 | D        | Found a basalt altar of Yredelemnul.
    22 | D        | Found a shimmering altar of Xom.
    22 | D        | Found an ornate altar of the Wu Jian Council.
    22 | D        | Found a sacrificial altar of Ru.
    22 | D        | Found a stormy altar of Qazlal.
    22 | D        | Found an iron altar of Okawaru.
    22 | D        | Found a sparkling altar of Nemelex Xobeh.
    22 | D        | Found a burning altar of Makhleb.
    22 | D        | Found a blossoming altar of Fedhas.
    22 | D        | Found a white marble altar of Elyvilon.
    22 | D        | Found a shadowy altar of Dithmenos.
    22 | D        | Found a snail-covered altar of Cheibriados.
    26 | D        | Found a corrupted altar of Lugonu.
    26 | D        | Found a radiant altar of Vehumet.
    27 | D        | Found a broken altar of Ashenzari.
    27 | D        | Found an ancient bone altar of Kikubaaqudgha.
    27 | D        | Found a hide-covered altar of Uskayaw.
    33 | D        | Became a worshipper of Cheibriados the Contemplative
    85 | D        | Reached * piety under Cheibriados
    99 | D        | Reached skill level 1 in Fighting
    99 | D        | Reached skill level 1 in Polearms
    99 | D        | Reached skill level 1 in Invocations
   100 | D        | Reached ** piety under Cheibriados
   101 | D        | Reached XP level 2. HP: 25/25 MP: 5/5
   104 | D        | Noticed a scorpion
   109 | D        | HP: 1/25 [river rat (9)]
   109 | D        | Slain by a river rat

Illustrated notes

Levels and vault maps discovered:
D:        pitsprint [storerooms_1, entrance_room_1, metal_vault_4, armoury_1,
          mini_pit_1, grid_room_1, main_hall_1, silver_pit, the_coven_3,
          the_vestibule_1, steel_vault_2, golden_pit, hallway_of_sentries,
          crystal_vault_3, iron_vault_4, final_vault]

Skill      XL: |  1 |
---------------+----+-----
Alchemy        | 4 |  4.5
Fighting       | 1 |  1.0
Polearms       | 1 |  1.0
Invocations    | 1 |  1.1
Dodging        | |  1.5
Stealth        | |  3.0
Spellcasting   | |  2.3
Conjurations   | |  1.6

Action                     || total
---------------------------++-------
  Melee: Trident           ||     6
         Unarmed           ||     4
   Stab: Sleeping          ||     5
 Armour: Robe              ||    10
  Dodge: Dodged            ||     1

Table legend: (Time is in decaauts)
 A = Elapsed time spent in this place.
 B = Non-inter-level travel time spent in this place.
 C = Inter-level travel time spent in this place.
 D = Time resting spent in this place.
 E = Time spent auto-exploring this place.
 F = Levels seen in this place.
 G = Mean time per level.
                   A        B        C        D        E       F      G
               +--------+--------+--------+--------+--------+-----+--------+
         Total |    167 |    167 |      0 |      0 |      0 |   1 |  167.0 |
       Dungeon |    167 |    167 |      0 |      0 |      0 |   1 |  167.0 |
               +--------+--------+--------+--------+--------+-----+--------+

Top non-repeatable levels by time:
       D: 167 daAuts
